Map: Dusk Towers

Players

GammaGhost - Winner!

  • Race: Protoss Protoss
  • League: Gold

bbhuohuo

  • Race: Terran Terran
  • League: Gold

VOD

Have the link to the VOD?

Description

Time

  • Played on: Dec. 20, 2015, 9:56 p.m.
  • Length: 6:30
Show
View Real Time Build Order
Export as new Build Order

GammaGhost Protoss - Winner!

Build Orders: 1 Gate Expand 

Get SALT Encoding   

  12  0:01  Probe (Chrono Boost)  
  13  0:12  Probe (Chrono Boost)  
  14  0:22  Pylon  
  14  0:28  Probe (Chrono Boost)  
  15  0:40  Probe (Chrono Boost)  
  16  0:44  Gateway  
  16  0:51  Probe (Chrono Boost)  
  17  1:10  Nexus  
  17  1:19  Assimilator  
  17  1:23  Probe (Chrono Boost)  
  17  1:25  Assimilator  
  18  1:35  Cybernetics Core  
  18  1:38  Probe (Chrono Boost)  
  19  1:56  Probe (Chrono Boost)  
  20  2:05  Gateway  
  20  2:12  Warp Gate (Chrono Boost)  
  20  2:21  Probe (Chrono Boost), Pylon  
  21  2:24  Probe (Chrono Boost)  
  22  2:31  Pylon  
  22  2:32  Probe (Chrono Boost)  
  22  2:36  Probe (Chrono Boost)  
  24  2:42  Probe (Chrono Boost)  
  25  2:46  Probe (Chrono Boost)  
  26  2:53  Probe (Chrono Boost)  
  26  2:57  Gateway  
  26  2:58  Adept x2  
  31  3:11  Gateway  
  31  3:23  Probe  
  31  3:24  Probe  
  33  3:47  Gateway  
  33  3:49  Gateway  
  33  3:51  Probe, Pylon  
  33  3:53  Pylon  
  34  3:58  Gateway  
  34  4:01  Probe x2  
  36  4:12  Stalker x3  
  36  4:13  Probe  
  36  4:15  Stalker  
  45  4:39  Adept x3  
  45  4:40  Adept  
  45  4:44  Adept x2  
  57  5:03  Pylon  
  57  5:05  Adept x2  
  57  5:06  Adept x3  
  67  5:31  Stalker x5  
  67  6:06  Zealot x3  
  67  6:07  Zealot x3  
Show
View Real Time Build Order
Export as new Build Order

bbhuohuo Terran 

Build Orders: Liberator Opening 

Get SALT Encoding   

  12  0:01  SCV  
  13  0:13  SCV  
  14  0:18  Supply Depot  
  14  0:25  SCV  
  15  0:39  SCV  
  16  0:42  Barracks  
  16  0:45  Refinery  
  16  0:51  SCV  
  17  1:03  SCV  
  18  1:16  SCV  
  19  1:29  Orbital Command  
  19  1:30  Barracks Reactor  
  19  1:42  Command Center  
  19  1:56  SCV  
  20  2:07  Factory, Marine x2  
  22  2:08  SCV  
  23  2:16  Supply Depot  
  23  2:27  Refinery  
  23  2:37  Marine x2  
  23  2:39  Supply Depot  
  23  2:43  SCV  
  26  2:52  Starport  
  26  2:56  Factory Tech Lab  
  26  2:57  Marine x2  
  28  2:59  Orbital Command  
  28  3:05  SCV  
  29  3:17  SCV  
  30  3:21  Cyclone  
  30  3:25  Marine x2  
  35  3:29  SCV x2  
  31  3:34  Liberator  
  37  3:41  SCV x2  
  38  3:43  Marine x2  
  38  3:44  Bunker  
  44  3:55  SCV  
  44  3:56  SCV  
  46  4:05  Supply Depot  
  46  4:09  SCV, Supply Depot  
  47  4:16  Supply Depot, SCV  
  48  4:24  Factory Tech Lab  
  48  4:26  Barracks  
  48  4:33  Barracks, Liberator  
  48  4:35  SCV  
  48  4:37  SCV  
  50  4:52  SCV x2  
  55  4:56  Refinery  
  55  4:57  Refinery, Factory Reactor  
  55  4:58  Marine  
  56  5:04  SCV x2  
  58  5:07  Supply Depot  
  58  5:16  SCV x2  
  58  5:19  Engineering Bay x2  
  60  5:25  Marine  
  60  5:27  Marine  
  57  5:41  Marine x2  
  59  5:45  Marine  
  56  5:52  SCV  
  56  5:54  SCV  
  53  5:58  Marine  
Tags
 
Add a new tag
Caveats
  • Supply blocks, unpowered buildings, or Contaminate may cause inaccurate times.
  • Supply counts are checked every 10 seconds.